 Dungeon Crawl Stone Soup version 0.29.1-2-gbd0b4ee654 (webtiles) character file.

Game seed: 15420822455635227659

5545 styxcanada the Covert (level 10, -33/49 HPs)
             Began as a Spriggan Brigand on Oct 29, 2022.
             Was an Initiate of Gozag.
             Annihilated by a boulder beetle (59 damage)
             ... on level 8 of the Dungeon on Oct 30, 2022.
             The game lasted 00:47:06 (8043 turns).

styxcanada the Covert (Spriggan Brigand)            Turns: 8043, Time: 00:47:06

Health: -33/49     AC:  7    Str:  7    XL:     10   Next: 43%
Magic:  20/20      EV: 23    Int: 12    God:    Gozag
Gold:   1053       SH:  0    Dex: 22    Spells: 18/21 levels left

rFire   . . .      SeeInvis +   z - +10 shortbow of the Lettuce {vorpal, *Corrode rElec rPois rN+}
rCold   . . .      Faith    .   (shield currently unavailable)
rNeg    + + .      Spirit   .   H - +1 robe {rN+}
rPois   +          Reflect  .   q - +2 hat
rElec   +          Harm     .   c - +1 cloak
rCorr   .          Rampage  .   (gloves unavailable)
Will    +....                   (boots unavailable)
Stlth   +++++.....              p - amulet of regeneration
HPRegen 0.96/turn               D - ring of flight
MPRegen 0.17/turn               I - ring of wizardry

@: flying, very quick
A: very small, no large weapons, unfitting armour, see invisible, speed 3
a: Renounce Religion, Potion Petition, Call Merchant, Bribe Branch


You were on level 8 of the Dungeon.
You worshipped Gozag.
Gozag was most pleased with you.
You visited 2 branches of the dungeon, and saw 9 of its levels.

You collected 1135 gold pieces.
You spent 17 gold pieces at shops.
You paid 65 gold pieces to Gozag.

Inventory:

Hand Weapons
 a - a +2 dagger
 n - a +1 short sword of electrocution
 z - the +10 shortbow of the Lettuce (weapon) {vorpal, *Corrode rElec rPois rN+}
   (You found it on level 4 of the Dungeon)

   Any ammunition fired from it inflicts extra damage upon your enemies.
   rElec:     It insulates you from electricity.
   rPois:     It protects you from poison.
   rN:        It protects you from negative energy.
   *Corrode:  It may corrode you when you take damage.
 B - a +5 mace
Missiles
 d - 45 poisoned darts
 e - 3 curare-tipped darts
 f - 80 stones
 w - a throwing net
 x - 3 boomerangs
Armour
 c - a +1 cloak (worn)
 q - a +2 hat (worn)
 H - a +1 robe of positive energy (worn)
Magical Staves
 g - a staff of cold
Jewellery
 l - an amulet of guardian spirit
 o - a ring of ice
 p - an amulet of regeneration (around neck)
 u - an amulet of the acrobat
 D - a ring of flight (left hand)
 I - a ring of wizardry (right hand)
Wands
 b - a wand of digging (3)
 y - a wand of roots (14)
 A - a wand of charming (11)
 F - a wand of mindburst (22)
Scrolls
 s - a scroll of amnesia
 v - 2 scrolls of teleportation
 C - 2 scrolls of identify
 E - a scroll of blinking {unknown}
 J - a scroll of fear
Potions
 h - 2 potions of brilliance
 i - 2 potions of flight
 j - 6 potions of curing
 k - 2 potions of resistance
 m - a potion of berserk rage
 r - a potion of might
 t - 2 potions of haste
 G - a potion of lignification


   Skills:
 + Level 4.0 Fighting
 + Level 3.7 Short Blades
 + Level 6.8 Ranged Weapons
 + Level 3.5 Throwing
 * Level 7.5 Dodging
 * Level 11.5 Stealth
 * Level 6.4 Spellcasting
 * Level 4.2 Conjurations
 * Level 5.9 Evocations


You had 18 spell levels left.
You knew the following spells:

 Your Spells              Type           Power      Damage    Failure   Level
a - Magic Dart            Conj           52%        1d5       1%          1
b - Searing Ray           Conj           26%        2d5       1%          2

Your spell library contained the following spells:

 Spells                   Type           Power      Damage    Failure   Level
 Shock                    Conj/Air       32%        1d5       3%          1
 Summon Guardian Golem    Hex/Summ       3%         N/A       21%         3
 Swiftness                Air            3%         N/A       21%         3
 Fulminant Prism          Conj/Hex       4%         3d6       28%         4
 Airstrike                Air            1%         2d(1-17)  52%         4
 Animate Armour           Summ/Erth      6%         N/A       52%         4
 Blade Hands              Tmut           1%         N/A       86%         5
 Iron Shot                Conj/Erth      4%         9d2       98%         6
 Orb of Destruction       Conj           6%         9d6       100%        7
 Spellforged Servitor     Conj/Summ      4%         N/A       100%        7


Dungeon Overview and Level Annotations

Branches:
Dungeon (8/15)             Temple (1/1) D:5
   Lair: D:8-11

Altars:
Cheibriados
Dithmenos
Elyvilon
Gozag
Hepliaklqana
Kikubaaqudgha
Okawaru
Ru
Sif Muna
Trog
Uskayaw
Vehumet
Wu Jian
Zin

Shops:
D:1 (   D:3 =   D:4 (


Innate Abilities, Weirdness & Mutations

You are very small and have problems with some larger weapons.
You are too small for most types of armour.
You have supernaturally acute eyesight. (SInv)
You cover ground extremely quickly. (Speed+++)


Message History

There is an open door here.
Fire: z) +10 shortbow of the Lettuce {vorpal, *Corrode rElec rPois rN+}
Press: ? - help, Q - select action, (/) - cycle Shift-Dir - straight line, f/p - boulder beetle
Aim: a boulder beetle (moderately wounded, 93% to hit)
You shoot an arrow.
The arrow hits the boulder beetle but does no damage.
The boulder beetle is moderately wounded.
The boulder beetle leaps!
You see here a +0 club.
Fire: z) +10 shortbow of the Lettuce {vorpal, *Corrode rElec rPois rN+}
Press: ? - help, Q - select action, (/) - cycle Shift-Dir - straight line, f/p - boulder beetle
Aim: a boulder beetle (lightly wounded, 93% to hit)
You shoot an arrow.
The arrow hits the boulder beetle but does no damage.
The boulder beetle is lightly wounded.
The boulder beetle curls into a ball and begins rolling!
Fire: z) +10 shortbow of the Lettuce {vorpal, *Corrode rElec rPois rN+}
Press: ? - help, Q - select action, (/) - cycle Shift-Dir - straight line, f/p - boulder beetle
Aim: a boulder beetle (lightly wounded, rolling, 93% to hit)
You shoot an arrow.
The arrow hits the boulder beetle but does no damage.
The boulder beetle is lightly wounded.
There is an open door here.
There is a stone staircase leading down here.
The boulder beetle hits you!
The boulder beetle stops rolling and uncurls.
You fly downwards.
There is a stone staircase leading up here.
The boulder beetle curls into a ball and begins rolling!
Fire: z) +10 shortbow of the Lettuce {vorpal, *Corrode rElec rPois rN+}
Press: ? - help, Q - select action, (/) - cycle Shift-Dir - straight line, f - boulder beetle
Aim: a boulder beetle (lightly wounded, rolling, 93% to hit)
You shoot an arrow.
The arrow hits the boulder beetle but does no damage.
The boulder beetle is lightly wounded.
The boulder beetle attacks as you move away!
The boulder beetle hits you!!!
Ouch! That really hurt!
You die...
Your body crumbles into a pile of gold.

############ ############
...........### #...[..)..○.
#######.......####<#########°
............@B°°°...# ####..
#######.###.##.###..####.....
.......○# #.##.........°#.#..
#######B# .........#.###.###.
#.##.#######.#.# ### #. #.##.
#.#.# #. #.##. ###.#######.
#.##. ...#...... ...
#[#######.


You could see a boulder beetle (rolling).

Vanquished Creatures
  10 yaks (D:8)
  Eustachio (D:4)
  A steam dragon (D:8)
  Menkaure (D:5)
  Duvessa (D:7)
  3 water moccasins
  A sky beast (D:7)
  2 ice beasts
  An ogre (D:5)
  4 centaurs
  2 phantoms
  2 kobold brigands
  4 bullfrogs
  2 scorpions
  A gnoll sergeant (D:7)
  17 wights
  Dowan (D:7)
  10 killer bees (D:7)
  2 hounds
  An orc priest (D:7)
  A gnoll bouda (D:4)
  2 jellies
  4 iguanas
  An orc wizard (D:6)
  11 gnolls
  7 adders
  A shadow imp (D:6)
  A white imp (D:7)
  2 ufetubi
  2 dart slugs
  A worm (D:5)
  14 orcs
  8 endoplasms
  A giant cockroach (D:2)
  7 goblins
  8 hobgoblins
  13 kobolds
  2 quokkas
  3 training dummies (D:4)
  10 ball pythons
  4 bats
  6 frilled lizards
  7 rats
183 creatures vanquished.

Notes
Turn   | Place    | Note
-------+----------+-------------------------------------------
     0 | D:1      | styxcanada the Spriggan Brigand began the quest for the
                  | Orb.
     0 | D:1      | Reached XP level 1. HP: 10/10 MP: 2/2
    41 | D:1      | Reached skill level 6 in Stealth
   440 | D:1      | Reached XP level 2. HP: 15/15 MP: 3/3
   483 | D:1      | Found Wuorau's Antique Weapon Shop.
  1196 | D:1      | Learned a level 1 spell: Magic Dart
  1274 | D:2      | Reached skill level 7 in Stealth
  1274 | D:2      | Reached XP level 3. HP: 16/18 MP: 4/4
  1573 | D:2      | Reached XP level 4. HP: 23/23 MP: 5/5
  2228 | D:3      | Reached skill level 1 in Spellcasting
  2335 | D:3      | Found Wautzuza's Jewellery Boutique.
  2354 | D:3      | Found a faded altar of an unknown god.
  3002 | D:3      | Found an iron altar of Okawaru.
  3358 | D:4      | Reached XP level 5. HP: 26/26 MP: 6/8
  3404 | D:4      | Found a radiant altar of Vehumet.
  3492 | D:4      | Found Uduyhusi's Firing Range.
  3526 | D:4      | Bought 4 poisoned darts for 17 gold pieces
  3587 | D:4      | Learned a level 2 spell: Searing Ray
  3615 | D:4      | Noticed Eustachio
  3686 | D:4      | Killed Eustachio
  3687 | D:4      | Reached skill level 8 in Stealth
  3687 | D:4      | Reached skill level 1 in Conjurations
  3687 | D:4      | Reached XP level 6. HP: 30/30 MP: 6/10
  4272 | D:4      | Identified the +10 shortbow of the Lettuce {vorpal,
                  | *Corrode rElec rPois rN+}
  4456 | D:5      | Entered Level 5 of the Dungeon
  4476 | D:5      | Found a staircase to the Ecumenical Temple.
  4486 | Temple   | Entered the Ecumenical Temple
  4495 | Temple   | Became a worshipper of Gozag Ym Sagoz the Greedy
  4519 | D:5      | Noticed Menkaure
  4832 | D:5      | Reached skill level 1 in Evocations
  4832 | D:5      | Reached XP level 7. HP: 18/31 MP: 1/12
  4836 | D:5      | Reached skill level 9 in Stealth
  4977 | D:5      | Killed Menkaure
  5234 | D:5      | Reached XP level 8. HP: 39/39 MP: 14/14
  5265 | D:5      | Found a shimmering blue altar of Sif Muna.
  5526 | D:6      | Reached skill level 1 in Ranged Weapons
  5547 | D:6      | Reached skill level 5 in Dodging
  5706 | D:6      | Reached skill level 10 in Stealth
  5783 | D:6      | Reached skill level 5 in Spellcasting
  5856 | D:6      | Reached XP level 9. HP: 42/44 MP: 17/17
  6465 | D:7      | Noticed Duvessa
  6467 | D:7      | Noticed Dowan
  6531 | D:7      | Killed Dowan
  6764 | D:7      | Killed Duvessa
  6765 | D:7      | Reached skill level 5 in Ranged Weapons
  6765 | D:7      | Reached skill level 5 in Evocations
  7158 | D:7      | Found a hide-covered altar of Uskayaw.
  7412 | D:7      | Reached skill level 11 in Stealth
  7534 | D:8      | Found a white marble altar of Elyvilon.
  7550 | D:8      | Reached XP level 10. HP: 49/49 MP: 18/20
  7606 | D:8      | Found a hazy altar of Hepliaklqana.
  7892 | D:8      | Noticed a boulder beetle
  8043 | D:8      | Annihilated by a boulder beetle

Illustrated notes

Levels and vault maps discovered:
D:1:      dpeg_arrival_simpleton_a, layout_basic, serial_shops,
          nicolae_square_shop
D:2:      layout_basic
D:3:      layout_basic, mainiacjoe_overflow_24_doors, serial_shops,
          nicolae_shop_behind_doors, basic_ecumenical_altar
D:4:      layout_loops_corners, nicolae_vehumet_radiance,
          nicolae_shop_firing_range, uniq_eustachio
D:5:      layout_rooms, overflow_temple_1_default,
          minmay_temple_entry_mini_moons, hangedman_abyss_or_decor_stagger,
          uniq_menkaure
D:6:      nicolae_BIG_FREAKIN_CUBE, layout_layer_cave, minmay_misc_feat_rows,
          minmay_misc_feat_columns
D:7:      minmay_skewed_foursquare, layout_rooms, nicolae_uskayaw_dance_studio,
          minmay_tree_intersection, skrybe_limestone_x,
          nicolae_elevator_lobby_plus, uniq_duvessa
D:8:      minmay_spotlight, layout_loops_ring,
          grunt_temple_overflow_champion_of_chaos, minitemple,
          dreamdust_princess_bridge
Temple:   nicolae_temple_bog_church

Skill      XL: |  1  2  3  4  5  6  7  8  9 10 |
---------------+-------------------------------+-----
Stealth        | 6 7 8 9 10 11 | 11.5
Dodging        | 2 3 4 5 7 |  7.5
Spellcasting   | 1 2 3 5 6 |  6.4
Fighting       | 2 3 4 |  4.0
Short Blades   | 3 |  3.7
Conjurations   | 1 2 3 4 |  4.2
Evocations     | 1 2 4 5 |  5.9
Throwing       | 3 |  3.5
Ranged Weapons | 3 5 6 |  6.8

Action                   |  1- 3 |  4- 6 |  7- 9 | 10-12 || total
-------------------------+-------+-------+-------+-------++-------
Melee: Dagger            |    95 |   141 |    35 |       ||   271
       Punch             |     1 |     1 |     3 |       ||     5
       Short sword       |       |       |     2 |       ||     2
 Fire: Shortbow          |       |       |   196 |    56 ||   252
Throw: Dart              |    22 |    33 |    13 |       ||    68
 Cast: Magic Dart        |       |    21 |     1 |       ||    22
       Searing Ray       |       |     4 |     6 |     4 ||    14
Evoke: Wand              |       |       |     3 |       ||     3
  Use: Scroll            |     6 |     7 |     8 |       ||    21
       Potion            |       |       |       |     1 ||     1
 Stab: Sleeping          |    11 |    13 |     1 |       ||    25
Armor: Robe              |    12 |    22 |    34 |     6 ||    74
Dodge: Dodged            |    73 |    86 |   174 |    28 ||   361
